 Dungeon Crawl Stone Soup version 0.29-a0-721-g7f417c9bbb (webtiles) character file.

Game seed: 11381740054023815912

5154 zeratav the Marksspriggan (level 10, -6/46 HPs)
             Began as a Spriggan Hunter on June 27, 2022.
             Was a Believer of Dithmenos.
             Mangled by an orc warrior
             ... wielding a +0 hand axe
              (19 damage)
             ... on level 8 of the Dungeon.
             The game lasted 00:13:22 (9406 turns).

zeratav the Marksspriggan (Spriggan Hunter)         Turns: 9406, Time: 00:13:22

Health: -6/46      AC:  2    Str:  7    XL:     10   Next: 33%
Magic:  11/11      EV: 21    Int: 10    God:    Dithmenos [**....]
Gold:   311        SH:  5    Dex: 24    Spells: 9/9 levels left

rFire   . . .      SeeInvis +   g - +3 arbalest {crossbow}
rCold   . . .      Faith    .   (shield currently unavailable)
rNeg    . . .      Spirit   .   c - +0 robe
rPois   .          Reflect  +   (helmet restricted)
rElec   .          Harm     .   (no cloak)
rCorr   .          Rampage  .   (gloves unavailable)
Will    +....                   (boots unavailable)
Stlth   +++++.....              m - amulet of reflection
HPRegen 0.15/turn               (no ring)
MPRegen 0.12/turn               (no ring)

@: wreathed by umbra, very quick
A: very small, no large weapons, unfitting armour, see invisible, speed 3
a: Renounce Religion, Shadow Step


You were on level 8 of the Dungeon.
You worshipped Dithmenos.
Dithmenos was pleased with you.
You visited 2 branches of the dungeon, and saw 9 of its levels.

You collected 430 gold pieces.
You spent 119 gold pieces at shops.


Innate Abilities, Weirdness & Mutations

You are very small and have problems with some larger weapons.
You are too small for most types of armour.
You have supernaturally acute eyesight. (SInv)
You cover ground extremely quickly. (Speed+++)


   Skills:
 - Level 1.5 Fighting
 + Level 17.5 Ranged Weapons
 - Level 5.3 Dodging
 - Level 5.0 Stealth


You had 9 spell levels left.
You didn't know any spells.
Your spell library contained the following spells:

 Spells                   Type           Power      Damage    Failure   Level
 Call Canine Familiar     Summ           0%         N/A       75%         3
 Gell's Gravitas          Tloc           0%         N/A       75%         3
 Lesser Beckoning         Tloc           0%         N/A       75%         3
 Portal Projectile        Hex/Tloc       0%         N/A       75%         3
 Teleport Other           Tloc           0%         N/A       75%         3
 Leda's Liquefaction      Hex/Erth       0%         N/A       98%         4
 Blade Hands              Tmut           0%         N/A       100%        5
 Irradiate                Conj/Tmut      0%         3d13      100%        5
 Dragon Form              Tmut           0%         N/A       100%        7

Inventory:

Hand Weapons
 g - a +3 arbalest (weapon) {crossbow}
   (You bought it in a shop on level 7 of the Dungeon)
 s - a +0 dagger of flaming {short}
   (You took it off an orc wizard on level 4 of the Dungeon)
 t - a +3 shortbow {bow}
   (You took it off a centaur on level 5 of the Dungeon)
Armour
 c - a +0 robe (worn)
Jewellery
 m - an amulet of reflection (around neck)
   (You found it on level 2 of the Dungeon)
 n - a ring of protection from cold
   (You found it on level 3 of the Dungeon)
 y - a ring of willpower
   (You found it on level 6 of the Dungeon)
 A - a ring of protection from cold
   (You found it on level 6 of the Dungeon)
 B - a ring of protection from cold
   (You took it off Dowan on level 7 of the Dungeon)
Wands
 w - a wand of flame (27)
   (You took it off an orc on level 5 of the Dungeon)
 E - a wand of iceblast (7)
   (You found it on level 8 of the Dungeon)
Scrolls
 b - 2 scrolls of immolation {!r!r}
 d - 2 scrolls of vulnerability {!r!r}
 e - 2 scrolls of magic mapping {!r}
 f - 2 scrolls of silence {!r}
 h - 2 scrolls of blinking {!r}
 j - 2 scrolls of fog
 l - 3 scrolls of teleportation {@r4}
 D - a scroll of fear
Potions
 i - 3 potions of might
 k - 3 potions of curing {@q1}
 o - 2 potions of berserk rage {!q}
 p - a potion of invisibility
 q - 2 potions of lignification {unknown}
 r - 2 potions of resistance {unknown}
 u - 4 potions of heal wounds {@q2}
 v - a potion of brilliance {unknown}
 x - a potion of magic {unknown}
 z - 2 potions of degeneration {unknown}
 C - a potion of flight {unknown}

Dungeon Overview and Level Annotations

Branches:
Dungeon (8/15) Zot: 26408  Temple (1/1) D:4 Zot: 5951
   Lair: D:8-11

Altars:
Ashenzari
Cheibriados
Dithmenos
Elyvilon
Gozag
Hepliaklqana
Kikubaaqudgha
Makhleb
Nemelex Xobeh
Okawaru
Qazlal
Ru
Trog
Uskayaw
Vehumet
Wu Jian
Xom
Yredelemnul
Zin
The Shining One

Shops:
D:1 ?   D:3 ( D:7

(
.......######..............###..#
.#.###.# #................))..
.#. #.# ####.............#####.#
#. #.. ............)....# #.# ###
##..............#####.#
#.......###.###'....># #.....###
### ######## #.....# .....#.@#
#######oo)..# #.#)o## #.#..o. #.#
#8## #.# ## #.# ..#


You could see 2 orc warriors and 2 orc priests.


Message History

You shoot a bolt.
The bolt hits the kobold brigand but does no damage.
The kobold brigand completely misses you.
You shoot a bolt. The bolt hits the kobold brigand!!
You kill the kobold brigand!
Dithmenos accepts your kill.
You shoot a bolt. The bolt hits the kobold brigand!!!
You kill the kobold brigand!
Dithmenos accepts your kill.
The kobold brigand throws a curare-tipped dart.
You reflect the curare-tipped dart off an invisible shield around you!
The curare-tipped dart hits the kobold brigand.
The kobold brigand is poisoned.
The kobold brigand convulses.
The kobold brigand seems to slow down.
You shoot a bolt. The bolt hits the kobold brigand!!
You kill the kobold brigand!
Dithmenos accepts your kill.
No target in view!
No target in view!
No target in view!
There is an open door, spattered with blood here.
Items here: (( )).
Things that are here:
a +0 short sword {short}; a curare-tipped dart {=fthrowing}
There is an open door, spattered with blood here.
Items here: (( )).
Things that are here:
a +0 club {mace}; a gnoll skeleton
There is a large open door here.
You see here a +0 ring mail.
There is an open door, spattered with blood here.
You see here a +0 giant club {mace}.
There is a stone staircase leading down here.
Things that are here:
a +0 dagger {short}; a +0 robe You open the door.
There is an open door here.
An orc warrior comes into view. It is wielding a +0 hand axe.
You shoot a bolt. The bolt hits the orc warrior!!
The orc warrior shouts!
You hear a shout! x4
An orc comes into view.
It is wielding a +0 hand axe and wearing a +2 leather armour of poison resistance.
You shoot a bolt. The bolt hits the orc warrior!!
You kill the orc warrior!
Dithmenos accepts your kill.
You hear a shout!
An orc priest comes into view. It is wielding a +0 flail.
You hear a shout! x2
You shoot a bolt. The bolt hits the orc priest!
You shoot a bolt. The bolt hits the orc priest!!
You kill the orc priest!
Dithmenos accepts your kill. The orc closely misses you.
An orc priest comes into view. It is wielding a +0 flail.
You shoot a bolt. The orc priest shouts!
The bolt hits the orc!!
You kill the orc!
Dithmenos accepts your kill.
You shoot a bolt. The bolt hits the orc priest!
You shoot a bolt. The bolt hits the orc priest!!
You kill the orc priest!
Dithmenos accepts your kill.
You hear a shout!
An orc comes into view. It is wielding a +0 hand axe.
You shoot a bolt. The bolt closely misses the orc.
You shoot a bolt. The bolt hits the orc!!
You kill the orc!
Dithmenos accepts your kill.
No target in view!
An orc warrior comes into view. It is wielding a +0 hand axe.
The orc warrior shouts!
Items here: ))) [ ††.
An orc warrior is nearby!
You shoot a bolt.
The bolt closely misses the orc warrior.
An orc comes into view. It is wielding a +0 club.
An orc warrior comes into view. It is wielding a +0 war axe.
You shoot a bolt. The bolt hits the orc!
You kill the orc!
Dithmenos accepts your kill.
An orc priest comes into view. It is wielding a +0 dagger.
You shoot a bolt. The bolt hits the orc warrior.
The orc priest calls down the wrath of Beogh upon you.
Beogh smites you!
HP[-12]
You take 12 damage, and now have 34/46 hp.
MASSIVE DAMAGE!! (PAUSE)
You shoot a bolt.
The bolt hits the orc warrior but does no damage.
An orc priest comes into view. It is wielding a +0 club.
You shoot a bolt.
The bolt completely misses the orc warrior.
The orc warrior closely misses you.
The orc priest calls down the wrath of Beogh upon you.
Beogh smites you! The orc warrior completely misses you.
The orc priest calls down the wrath of Beogh upon you.
Beogh smites you!
* * * LOW HITPOINT WARNING * * *
The orc warrior hits you with a +0 hand axe!!
You die...

Skill      XL: |  1  2  3  4  5  6  7  8  9 10 |
---------------+-------------------------------+-----
Ranged Weapons | 5 6 8 10 11 14 16 17 | 17.5
Stealth        | 4 5 |  5.0
Dodging        | 5 |  5.3
Fighting       | |  1.5

Action                   |  1- 3 |  4- 6 |  7- 9 | 10-12 || total
-------------------------+-------+-------+-------+-------++-------
 Fire: Shortbow          |    94 |   119 |   272 |       ||   485
       Arbalest          |       |       |    20 |    81 ||   101
  Use: Potion            |     1 |       |       |       ||     1
       Scroll            |       |       |    10 |     4 ||    14
Armor: Robe              |     2 |     3 |       |       ||     5
Dodge: Dodged            |    14 |    58 |    46 |    13 ||   131
Block: Other             |       |       |     7 |     4 ||    11
       Reflection        |       |       |     3 |     2 ||     5

Levels and vault maps discovered:
D:1:      ldierk_water_garden, layout_rooms,
          hellmonk_ecumenical_altar_crossroads, serial_rivers,
          chequers_serial_rivers_micro_d, chequers_serial_rivers_large_a,
          chequers_serial_rivers_small_a, chequers_serial_rivers_micro_a,
          chequers_serial_rivers_room_a, chequers_serial_rivers_small_b,
          serial_shops, shop, serial_park_tiny_2, minivault_14
D:2:      layout_loops_corners, basic_altar
D:3:      layout_basic, gammafunk_temple_overflow_claw, serial_shops,
          nicolae_shop_overgrown_old_shop, minmay_fountain_box,
          nrook_mini_backslash
D:4:      layout_cave_pods, minmay_temple_entry_gardened_gates, uniq_menkaure,
          uniq_eustachio
D:5:      minmay_chambers_of_fours, layout_rooms
D:6:      layout_layer_cave, amcnicky_mini_rare_corridor_liquid,
          minmay_crystal_water
D:7:      layout_basic, serial_shops, shop, uniq_duvessa
D:8:      kennysheep_seaside_town, layout_basic, pf_guarded_unrand_meek,
          uniq_grum, uniq_gastronok
Temple:   compressed_dpeg_triangle_lava_temple

Notes
Turn   | Place    | Note
-------+----------+-------------------------------------------
     0 | D:1      | zeratav the Spriggan Hunter began the quest for the Orb.
     0 | D:1      | Reached XP level 1. HP: 10/10 MP: 2/2
     0 | D:1      | magus.rc [v1.9.6]
    98 | D:1      | Reached skill level 5 in Ranged Weapons
   212 | D:1      | Found Seil's Magic Scroll Shoppe.
   306 | D:1      | Found a faded altar of an unknown god.
   312 | D:1      | Reached XP level 2. HP: 14/14 MP: 3/3
   757 | D:2      | Found a bloodstained altar of Trog.
   805 | D:2      | You pick up a book of Displacement and begin reading...
   805 | D:2      | You add the spells Lesser Beckoning, Gell's Gravitas and
                  | Teleport Other to your library.
  1425 | D:2      | HP: 3/14 [poisoned by an adder]
  1443 | D:2      | Reached skill level 6 in Ranged Weapons
  1443 | D:2      | Reached XP level 3. HP: 12/18 MP: 4/4
  1790 | D:3      | Found Soptan's Antique Weapon Shop.
  2072 | D:3      | Found a snail-covered altar of Cheibriados.
  2072 | D:3      | Found a broken altar of Ashenzari.
  2073 | D:3      | Found a shimmering altar of Xom.
  2400 | D:3      | Reached XP level 4. HP: 22/22 MP: 5/5
  2457 | D:4      | HP: 3/22 [iguana (7)]
  2469 | D:4      | Reached skill level 7 in Ranged Weapons
  2890 | D:4      | Noticed Menkaure
  2897 | D:4      | Killed Menkaure
  2898 | D:4      | Reached skill level 8 in Ranged Weapons
  2898 | D:4      | Reached XP level 5. HP: 14/25 MP: 6/6
  3176 | D:4      | Noticed Eustachio
  3179 | D:4      | Reached XP level 6. HP: 30/30 MP: 7/7
  3245 | D:4      | Killed Eustachio
  3246 | D:4      | Reached skill level 9 in Ranged Weapons
  3389 | D:1      | Bought a scroll of identify for 28 gold pieces
  3389 | D:1      | Bought a scroll of identify for 28 gold pieces
  3479 | D:4      | Found a staircase to the Ecumenical Temple.
  3485 | Temple   | Entered the Ecumenical Temple
  3555 | Temple   | Became a worshipper of Dithmenos the Shadowed
  4276 | D:5      | Entered Level 5 of the Dungeon
  4306 | D:4      | Reached skill level 10 in Ranged Weapons
  4313 | D:4      | Reached skill level 2 in Stealth
  4535 | D:5      | HP: 7/30 [centaur (2)]
  4537 | D:5      | Reached skill level 4 in Stealth
  4537 | D:5      | Reached XP level 7. HP: 8/33 MP: 8/8
  4824 | D:5      | Reached skill level 5 in Stealth
  4920 | D:5      | Noticed a yak
  4949 | D:5      | Killed a yak
  4955 | D:5      | Noticed a yak
  4960 | D:5      | Killed a yak
  4961 | D:5      | Reached skill level 11 in Ranged Weapons
  4961 | D:5      | Reached XP level 8. HP: 37/37 MP: 9/9
  5056 | D:5      | Reached skill level 12 in Ranged Weapons
  5392 | D:5      | Reached * piety under Dithmenos
  5673 | D:6      | Reached skill level 13 in Ranged Weapons
  6041 | D:6      | Reached skill level 14 in Ranged Weapons
  6256 | D:6      | Reached XP level 9. HP: 41/41 MP: 10/10
  6397 | D:6      | HP: 10/41 [centaur/arrow (17)]
  6656 | D:6      | You pick up a book of the Hunter and begin reading...
  6656 | D:6      | You add the spells Call Canine Familiar, Portal Projectile
                  | and Leda's Liquefaction to your library.
  6700 | D:6      | Reached skill level 15 in Ranged Weapons
  7271 | D:7      | Noticed Dowan
  7274 | D:7      | Noticed Duvessa
  7656 | D:7      | Reached ** piety under Dithmenos
  7674 | D:7      | Noticed a kobold demonologist
  7678 | D:7      | Noticed a sixfirhy
  7680 | D:7      | Killed a kobold demonologist
  7681 | D:7      | Reached skill level 16 in Ranged Weapons
  7684 | D:7      | Noticed a kobold demonologist
  7696 | D:7      | Noticed an ice devil
  7699 | D:7      | Killed a kobold demonologist
  7700 | D:7      | Reached skill level 4 in Dodging
  7743 | D:7      | Found Onyukaem's Weapon Emporium.
  7802 | D:7      | Bought a +0 arbalest for 63 gold pieces
  7837 | D:7      | Reached skill level 5 in Dodging
  7864 | D:7      | You pick up a book of Transfigurations {@e2} and begin
                  | reading...
  7864 | D:7      | You add the spells Irradiate, Blade Hands and Dragon Form
                  | to your library.
  8260 | D:7      | Killed Duvessa
  8260 | D:7      | HP: 10/41 [Dowan/puff of flame (7)]
  8272 | D:7      | HP: 5/41 [Dowan/puff of flame (6)]
  8557 | D:7      | Killed Dowan
  8645 | D:8      | Noticed Grum
  8652 | D:8      | Killed Grum
  8674 | D:8      | Reached XP level 10. HP: 37/46 MP: 11/11
  9014 | D:8      | Reached skill level 17 in Ranged Weapons
  9406 | D:8      | Mangled by an orc warrior

Vanquished Creatures
  2 kobold demonologists (D:7)
  Eustachio (D:4)
  3 yaks (D:5)
  Grum (D:8)
  Menkaure (D:4)
  3 water moccasins
  Duvessa (D:7)
  3 orc warriors
  An ice beast (D:6)
  2 sky beasts (D:6)
  2 black bears
  4 ogres
  2 wolves (D:8)
  4 centaurs
  A phantom (D:6)
  5 kobold brigands
  4 bullfrogs
  2 scorpions
  3 wights (D:6)
  Dowan (D:7)
  An electric eel (D:6)
  A howler monkey (D:4)
  2 jellies (D:5)
  3 hounds
  7 orc priests
  3 gnoll shamans (D:8)
  2 iguanas
  3 orc wizards
  7 gnolls (D:8)
  6 adders
  2 shadow imps (D:5)
  2 white imps
  3 worms
  3 dart slugs
  23 orcs
  10 ball pythons
  4 endoplasms
  A giant cockroach (D:3)
  6 hobgoblins
  10 kobolds
  2 quokkas
  2 bats (D:1)
  A frilled lizard (D:3)
  A goblin (D:2)
  3 rats
  2 toadstools (D:1)
156 creatures vanquished.

Vanquished Creatures (others)
  5 fungi (D:8)
  5 plants
  2 toadstools (D:1)
12 creatures vanquished.

Grand Total: 168 creatures vanquished

Table legend:
 A = Non-vault XP
 B = Vault XP
 C = Vault XP percentage of total XP
 D = Non-vault monster count
 E = Vault monster count
 F = Vault count percentage of total count
                 A         B        C        D         E       F
            +---------+---------+-------+---------+---------+-------
      Total |    4756 |    2607 |  35.4 |     115 |      39 |  25.3
            +---------+---------+-------+---------+---------+-------
        D:1 |      12 |       0 |   0.0 |       8 |       0 |   0.0
        D:2 |      29 |       0 |   0.0 |       9 |       0 |   0.0
        D:3 |      58 |       0 |   0.0 |      18 |       0 |   0.0
        D:4 |     247 |     368 |  59.8 |      16 |       2 |  11.1
        D:5 |    1093 |     289 |  20.9 |      15 |       6 |  28.6
        D:6 |    1677 |       0 |   0.0 |      18 |       0 |   0.0
        D:7 |    1115 |     221 |  16.5 |      18 |       2 |  10.0
        D:8 |     525 |    1729 |  76.7 |      13 |      29 |  69.0
            +---------+---------+-------+---------+---------+-------

Illustrated notes

Table legend:
 A = Kills in this place as a percentage of kills in entire the game.
 B = Kills by you in this place as a percentage of kills by you in the entire game.
 C = Kills by friends in this place as a percentage of kills by friends in the entire game.
 D = Other kills in this place as a percentage of other kills in the entire game.
 E = Experience gained in this place as a percentage of experience gained in the entire game.
 F = Experience gained in this place divided by the number of levels of this place that you have seen.
                   A       B       C       D       E      F
               +-------+-------+-------+-------+-------+----------------------
         Total | 100.0 | 100.0 |   N/A |   N/A | 100.0 | 818.1
       Dungeon | 100.0 | 100.0 |   N/A |   N/A | 100.0 | 920.4
               +-------+-------+-------+-------+-------+----------------------

Table legend: (Time is in decaauts)
 A = Elapsed time spent in this place.
 B = Non-inter-level travel time spent in this place.
 C = Inter-level travel time spent in this place.
 D = Time resting spent in this place.
 E = Time spent auto-exploring this place.
 F = Levels seen in this place.
 G = Mean time per level.
                   A        B        C        D        E       F      G
               +--------+--------+--------+--------+--------+-----+--------+
         Total |   6966 |   6639 |    327 |   1068 |   4481 |   9 |  774.0 |
       Dungeon |   6917 |   6605 |    312 |   1068 |   4454 |   8 |  864.6 |
        Temple |     49 |     35 |     14 |      0 |     27 |   1 |   49.0 |
               +--------+--------+--------+--------+--------+-----+--------+

Top non-repeatable levels by time:
     D:4: 1700 daAuts
     D:6: 1430 daAuts
     D:7: 823 daAuts
     D:5: 673 daAuts
     D:2: 656 daAuts
     D:8: 590 daAuts
     D:3: 546 daAuts
     D:1: 496 daAuts
  Temple: 49 daAuts
